 Dungeon Crawl Stone Soup version 0.30.0-19-g36f170ea60 (webtiles) character file.

Game seed: 10016530644327121647

647 monsoonserge the Chopper (level 7, -4/61 HPs)
             Began as a Hill Orc Fighter on May 29, 2023.
             Was a Follower of Beogh.
             Slain by Prince Ribbit (12 damage)
             ... on level 4 of the Dungeon.
             The game lasted 00:09:41 (3469 turns).

monsoonserge the Chopper (Hill Orc Fighter)         Turns: 3469, Time: 00:09:42

Health: -4/61      AC: 17    Str: 21    XL:     7   Next: 52%
Magic:  7/7        EV:  6    Int:  8    God:    Beogh [*.....]
Gold:   132        SH:  4    Dex: 10    Spells: 6/6 levels left

rFire   . . .        a - +0 war axe
rCold   . . .        c - +0 buckler
rNeg    . . .        j - +0 plate armour
rPois   .            (no helmet)
rElec   .            f - +0 cloak
rCorr   .            (no gloves)
SInv    .            (no boots)
Will    .....        h - amulet of magic regeneration Stlth
                     k - +4 ring of protection
HPRegen 0.30/turn    (no ring)
MPRegen 0.50/turn

%: no passive effects
@: no status effects
A: no striking features
a: Renounce Religion


You were on level 4 of the Dungeon.
You worshipped Beogh.
Beogh was aware of your devotion.
You visited 1 branch of the dungeon, and saw 5 of its levels.

You collected 132 gold pieces.

Inventory:

Hand Weapons
 a - a +0 war axe (weapon)
 q - the +6 sling of Dim Light {freeze, Drain rCorr Dex+6}
   (You found it on level 2 of the Dungeon)

   Dex:       It affects your dexterity (+6).
   rCorr:     It protects you from acid and corrosion.
   Drain:     It drains your maximum health when unequipped.
 t - a +1 sling of freezing
 u - a +2 flail of holy wrath
Missiles
 s - 15 poisoned darts (quivered)
 x - an atropa-tipped dart
 y - a throwing net
Armour
 c - a +0 buckler (worn)
 f - a +0 cloak (worn)
 j - a +0 plate armour (worn)
Jewellery
 h - an amulet of magic regeneration (around neck)
 k - a +4 ring of protection (left hand)
Wands
 w - a wand of flame (11)
Scrolls
 b - 2 scrolls of teleportation {unknown}
 e - a scroll of fear {unknown}
 i - 2 scrolls of enchant weapon {unknown}
 m - a scroll of blinking {unknown}
 o - 2 scrolls of identify {unknown}
 p - a scroll of vulnerability {unknown}
 r - a scroll of silence {unknown}
 A - 2 scrolls of magic mapping {unknown}
Potions
 d - a potion of flight {unknown}
 g - a potion of cancellation {unknown}
 l - a potion of magic {unknown}
 n - 2 potions of invisibility {unknown}
 v - a potion of haste {unknown}
 z - a potion of brilliance {unknown}
 B - 2 potions of ambrosia {unknown}


   Skills:
 + Level 5.1 Fighting
 + Level 7.4 Axes
 + Level 5.9 Armour
 + Level 0.5 Dodging
 - Level 4.0 Shields


You had 6 spell levels left.
You didn't know any spells.
Your spell library contained the following spells:

 Spells                   Type           Power      Damage    Failure   Level
 Freeze                   Ice            0%         1d3       100%        1
 Magic Dart               Conj           0%         1d3       100%        1
 Call Imp                 Summ           0%         N/A       100%        2
 Frozen Ramparts          Ice            0%         1d1       100%        3
 Hailstorm                Conj/Ice       0%         3d3       100%        3
 Mephitic Cloud           Conj/Pois/Air  0%         N/A       100%        3


Dungeon Overview and Level Annotations

Branches:
Dungeon (5/15)
 Temple: D:4-7

Altars:
Gozag
Makhleb
Yredelemnul
Zin

Shops:
D:4 (

Annotations:
D:4 Prince Ribbit


Message History

You climb upwards.
There is a stone staircase leading down here.
You hit Prince Ribbit.
Prince Ribbit is lightly wounded.
Your attacks no longer feel as feeble.
Prince Ribbit hits you!
You hit Prince Ribbit.
Prince Ribbit is moderately wounded.
Prince Ribbit barely misses you.
Prince Ribbit blinks!
Things that are here:
a +0 giant club; an ogre corpse You barely miss Prince Ribbit.
Prince Ribbit is moderately wounded.
Prince Ribbit hits you.
Prince Ribbit blinks!
Prince Ribbit blinks!
There is a stone staircase leading down here.
You see here a hound corpse.
Prince Ribbit hits you.
You barely miss Prince Ribbit.
Prince Ribbit is moderately wounded.
Prince Ribbit hits you!
* * * LOW HITPOINT WARNING * * *
Prince Ribbit hits you!
* * * LOW HITPOINT WARNING * * *
Okay, then.
Okay, then.
You hit Prince Ribbit.
Prince Ribbit is moderately wounded.
You block Prince Ribbit's attack.
You closely miss Prince Ribbit.
Prince Ribbit is moderately wounded.
Prince Ribbit hits you but does no damage.
Prince Ribbit completely misses you.
You barely miss Prince Ribbit.
Prince Ribbit is moderately wounded.
Prince Ribbit hits you but does no damage. x2
You slash Prince Ribbit!
Prince Ribbit is heavily wounded.
Prince Ribbit barely misses you. Prince Ribbit hits you!
You die...

....#
#....##...#....[....#
.#######
##..#.###.....###.####
.......#
#...#...#...#.# #.#
.#####.#
#...###.......# #.# .#
#.# #<..#.........#
#.# ## #.#
###.#.#.......# #.#
#.# #...........###.#
#.# ###F#...........#
#.# #@##.....######
#.# #†###...## #.# #>#
#.### #.######
#)###.#########
#......#
#.............#
######.#
#####.#######.# #.#
#.# #.# #.# #.# #.#
#.# #.# #.#


You could see Prince Ribbit.

Vanquished Creatures
  A sky beast (D:4)
  An ogre (D:4)
  A scorpion (D:4)
  3 hounds (D:4)
  Crazy Yiuf (D:3)
  A gnoll bouda (D:4)
  4 iguanas (D:4)
  4 gnolls (D:4)
  3 adders
  2 worms (D:3)
  5 dart slugs
  2 orcs (D:4)
  4 endoplasms
  6 giant cockroaches
  4 goblins
  11 hobgoblins
  2 jackals (D:4)
  6 quokkas
  3 training dummies (D:4)
  7 ball pythons
  5 bats
  7 frilled lizards
  6 kobolds
  3 rats
92 creatures vanquished.

Vanquished Creatures (others)
  2 orcs (D:2)
2 creatures vanquished.

Grand Total: 94 creatures vanquished

Notes
Turn   | Place    | Note
-------+----------+-------------------------------------------
     0 | D:1      | monsoonserge the Hill Orc Fighter began the quest for the
                  | Orb.
     0 | D:1      | Reached XP level 1. HP: 19/19 MP: 1/1
   142 | D:1      | Reached skill level 3 in Axes
   175 | D:1      | Reached XP level 2. HP: 27/27 MP: 2/2
   914 | D:2      | Reached XP level 3. HP: 33/33 MP: 3/3
  1015 | D:2      | Identified the +6 sling of Dim Light {freeze, Drain rCorr
                  | Dex+6}
  1229 | D:2      | Reached skill level 4 in Axes
  1288 | D:2      | Became a worshipper of Beogh the Brigand
  1327 | D:2      | Reached XP level 4. HP: 39/40 MP: 4/4
  1599 | D:3      | You fall into a shaft and drop 1 floor!
  1742 | D:4      | HP: 2/40 [poisoned by a gnoll bouda]
  1743 | D:4      | Reached skill level 5 in Axes
  1743 | D:4      | Reached XP level 5. HP: 2/46 MP: 5/5
  2104 | D:3      | Reached XP level 6. HP: 53/53 MP: 6/6
  2111 | D:3      | Found a runed translucent door.
  2112 | D:3      | Noticed Crazy Yiuf
  2202 | D:3      | Found a glowing silver altar of Zin.
  2246 | D:3      | Found an opulent altar of Gozag.
  2246 | D:3      | Found a burning altar of Makhleb.
  2246 | D:3      | Found a basalt altar of Yredelemnul.
  2372 | D:3      | Reached * piety under Beogh
  2553 | D:3      | Killed Crazy Yiuf
  2554 | D:3      | Reached skill level 5 in Armour
  2680 | D:4      | Found Kalidghem's Firing Range.
  2793 | D:4      | Reached skill level 6 in Axes
  2927 | D:4      | Noticed a sky beast
  2940 | D:4      | Killed a sky beast
  2941 | D:4      | Reached XP level 7. HP: 41/60 MP: 7/7
  3430 | D:5      | Entered Level 5 of the Dungeon
  3438 | D:4      | Reached skill level 5 in Fighting
  3438 | D:4      | Reached skill level 7 in Axes
  3441 | D:5      | Noticed Prince Ribbit
  3469 | D:4      | Slain by Prince Ribbit

Illustrated notes

Levels and vault maps discovered:
D:1:      ncdulo_watergridlock, layout_basic, serial_curves, eino_curves_03,
          eino_curves_01
D:2:      layout_basic
D:3:      layout_basic, mainiacjoe_overflow_surrounded_room,
          chequers_temple_overflow_statue_of_worship, uniq_crazy_yiuf_cottage
D:4:      layout_loops_ring, nicolae_shop_firing_range
D:5:      layout_loops_ring, uniq_prince_ribbit1

Skill      XL: |  1  2  3  4  5  6  7 |
---------------+----------------------+-----
Axes           | 3 4 5 6 7 |  7.4
Fighting       | 4 5 |  5.1
Armour         | 4 5 |  5.9
Shields        | 4 |  4.0
Dodging        | |  0.5

Action                     |  1- 3 |  4- 6 |  7- 9 || total
---------------------------+-------+-------+-------++-------
  Melee: War axe           |    94 |   155 |    42 ||   291
  Throw: Dart              |       |     1 |       ||     1
 Invoke: Convert to Beogh  |     1 |       |       ||     1
    Use: Potion            |       |     3 |       ||     3
 Armour: Scale mail        |    20 |       |       ||    20
         Plate armour      |    34 |    95 |    37 ||   166
  Dodge: Dodged            |    27 |    33 |    22 ||    82
  Block: Buckler           |    22 |    18 |     9 ||    49
